 Dungeon Crawl Stone Soup version 0.19-a0-1587-gaef70b6 (webtiles) character file.

242677 GameOver the Destroyer (level 19, -4/140 HPs)
             Began as a Naga Wizard on Sept 15, 2016.
             Was the Champion of Okawaru.
             Slain by a short sword of electrocution (16 damage)
             ... on level 1 of the Elven Halls on Sept 16, 2016.
             The game lasted 06:16:50 (32659 turns).

GameOver the Destroyer (Naga Wizard)               Turns: 32659, Time: 06:16:52

Health: -4/140     AC: 38    Str: 18    XL:     19   Next: 85%
Magic:  6/28       EV:  8    Int: 29    God:    Okawaru [******]
Gold:   2964       SH: 16    Dex: 10    Spells: 9 memorised, 12 levels left

rFire  + + .     SeeInvis +     w - +6 broad axe (freeze)
rCold  + . .     Gourm    .     c - +5 fire dragon armour
rNeg   + . .     Faith    .     G - +0 shield of the Forsaken Souls {rC+ rN+ Int+3}
rPois  +         Spirit   .     t - +1 helmet
rElec  .         Dismiss  .     K - +1 cloak {MR+}
rCorr  .         Reflect  +     Z - +2 pair of gloves
MR     +++..     Harm     .     B - +2 naga barding {rF+}
Stlth  ++........ Clarity  +    O - +3 amulet of reflection
                                I - ring of ice
                                a - +6 ring of strength

@: about to teleport, heroism, very slightly contaminated, regenerating, repel
missiles, drained, very slow
A: see invisible, clarity, clever 1, deformed body, low mp 1, poison resistance,
slowness 2, slow metabolism 1, spit poison 1, constrict 1, AC +6
a: Spit Poison, Heroism, Finesse, Renounce Religion
}: 1/15 runes: serpentine


You were on level 1 of the Elven Halls.
You worshipped Okawaru.
Okawaru was exalted by your worship.
You were not hungry.

You visited 7 branches of the dungeon, and saw 32 of its levels.
You also visited: Labyrinth.

You collected 3696 gold pieces.
You spent 732 gold pieces at shops.

Inventory:

Hand Weapons
 q - a +3 eveningstar of freezing
 w - a +6 broad axe of freezing (weapon)
Missiles
 o - 7 javelins of penetration (quivered)
Armour
 c - a +5 fire dragon armour (worn)
 t - a +1 helmet (worn)
 B - a +2 naga barding of fire resistance (worn)
 G - the +0 shield of the Forsaken Souls (worn) {rC+ rN+ Int+3}
   (Okawaru gifted it to you on level 2 of the Shoals)

   It affects your intelligence (+3).
   It protects you from cold.
   It protects you from negative energy.
 K - a +1 cloak of magic resistance (worn)
 Z - a +2 pair of gloves (worn)
Magical Staves
 e - an uncursed staff of air
Rods
 r - a +5 lightning rod (15/15)
   (You found it on level 6 of the Lair of Beasts)
Jewellery
 a - a +6 ring of strength (left hand)
 j - an uncursed ring of resist corrosion
 s - an uncursed ring of magical power
 H - an uncursed ring of flight
 I - a ring of ice (right hand)
 O - a +3 amulet of reflection (around neck)
Wands
 d - a wand of lightning (6/15)
 h - a wand of lightning (5/15)
 T - a wand of digging (19/24)
Scrolls
 f - a scroll of recharging
 n - 13 scrolls of remove curse
 u - 13 scrolls of teleportation
 v - 3 scrolls of fear
 x - 3 scrolls of identify
 y - a scroll of enchant armour
 A - 2 scrolls of fog
 N - 3 scrolls of blinking
 S - 7 scrolls of magic mapping
 U - a scroll of immolation
Potions
 b - 5 potions of invisibility
 g - 7 potions of heal wounds
 i - 8 potions of curing
 k - 4 potions of resistance
 l - a potion of flight
 p - a potion of ambrosia
 C - 2 potions of cancellation
 F - 5 potions of haste
 J - a potion of cure mutation
 L - 3 potions of might
 V - a potion of brilliance
Miscellaneous
 M - a phial of floods
 P - a lamp of fire
Comestibles
 m - 4 bread rations
 z - 8 chunks of flesh
 D - a slice of pizza


   Skills:
 - Level 2.0(6.3) Fighting
 - Level 12.1(16.2) Axes
 + Level 10.2(14.4) Armour
 - Level 3.0(7.3) Dodging
 - Level 3.0(7.3) Stealth
 - Level 11.3(15.4) Shields
 - Level 9.0(8.3) Spellcasting
 - Level 14.0(13.2) Conjurations
 - Level 4.0(3.3) Charms
   Level 1.0(0.4) Summonings
 - Level 6.1(5.5) Necromancy
 - Level 5.0(4.3) Translocations
 - Level 13.0(12.2) Ice Magic
 - Level 14.0(13.2) Air Magic
 - Level 7.0(6.3) Poison Magic
 - Level 8.0(7.3) Invocations


You had 12 spell levels left.
You knew the following spells:

 Your Spells              Type           Power        Failure   Level  Hunger
a - Freezing Cloud        Conj/Ice/Air   #######...   10%         6    ######.
b - Blink                 Tloc           N/A          3%          2    None
c - Regeneration          Chrm/Necr      #####.....   8%          3    None
d - Mephitic Cloud        Conj/Pois/Air  ######..     1%          3    None
e - Flame Tongue          Conj/Fire      #####        1%          1    None
f - Passage of Golubria   Tloc           N/A          24%         4    #......
q - Apportation           Tloc           #####.....   2%          1    None
x - Shroud of Golubria    Chrm/Tloc      ####......   4%          2    None
z - Repel Missiles        Chrm/Air       ######       1%          2    None


Dungeon Overview and Level Annotations

Branches:
Dungeon (15/15)            Temple (1/1) D:7            Lair (6/6) D:10
 Shoals (3/4) Lair:2        Snake (4/4) Lair:4        Slime (0/5) Lair:6
    Orc (2/2) D:11            Elf (1/3) Orc:2        Vaults (0/5) D:13
 Depths (0/5) D:15

Altars:
Ashenzari
Cheibriados
Dithmenos
Elyvilon
Fedhas
Gozag
Hepliaklqana
Kikubaaqudgha
Makhleb
Nemelex Xobeh
Okawaru
Qazlal
Ru
Sif Muna
Trog
Uskayaw
Vehumet
Xom
Yredelemnul
Zin
The Shining One
Beogh
Jiyva

Shops:
D:5 ((   Orc:2 [(?:*   Elf:1 *   Snake:4 ?

Portals:
Pandemonium: Orc:2

Annotations:
D:5 ThereIsNoGod's ghost, novice FoGl
D:11 Gastronok


Innate Abilities, Weirdness & Mutations

You cannot wear boots.
Your serpentine skin is tough. (AC +6)
You have supernaturally acute eyesight. (SInv)
Armour fits poorly on your strangely shaped body.
Your system is resistant to poisons. (rPois)
You cover ground very slowly.
You have a slow metabolism.
You can spit poison.
You can use your snake-like lower body to constrict enemies.
You possess an exceptional clarity of mind.
Your mind is acute. (Int +2)
Your magical capacity is low. (-10% MP)


Message History

The short sword of electrocution is engulfed in freezing vapours.
You block the short sword of electrocution's attack.
Casting: Freezing Cloud
Confirm with . or Enter, or press ? or * to list all spells.
Your skin crawls.
The short sword of electrocution is engulfed in freezing vapours.
The short sword of electrocution hits you but does no damage. x2
The short sword of electrocution is engulfed in freezing vapours.
The short sword of electrocution hits you!
* * * LOW HITPOINT WARNING * * *
Okay, then.
As you read the scroll of teleportation, it crumbles to dust.
You feel strangely unstable.
The short sword of electrocution hits you but does no damage.
You are electrocuted!
* * * LOW HITPOINT WARNING * * *
The short sword of electrocution hits you!
* * * LOW HITPOINT WARNING * * *
You are electrocuted!
You die...

...§.## ##.###'####
......## ##'#.....##
.......# ##.....).##
....e..######.)......#
.....#.)§..##........###
...)...#(#.#####.......#
...##+##...########..#.#
...##...#.#.."#####....#
...##.#...e.#.#.@.'.#..#
#####...#.#..(#.(.#..(##
#####...####§..##+##
#...#.#.#..§#§#...#
#.#.#...'.§§e§....#
####...##'##§§§#.#...#
#....#....##'##...####
#.#.###.#.)...#...
#....#...)#...# .%#


You could see a deep elf sorcerer and a short sword of electrocution.

Vanquished Creatures
  Rupert (Lair:6)
  Frances (Snake:2)
  2 krakens
  Kirke (Shoals:3)
  An azure jelly (Lair:6)
  10 greater nagas
  A vault warden (D:13)
  2 dire elephants (Lair:6)
  A minotaur (Lab)
  The ghost of zkyp the Fencer, a journeyman HuGl of Gozag (D:12)
  3 merfolk impalers
  Erolcha (D:9)
  A rakshasa (D:15)
  18 naga warriors
  2 centaur warriors (D:15)
  7 hydras
  2 catoblepae
  An alligator snapping turtle (Shoals:3)
  A merfolk aquamancer (Shoals:3)
  3 merfolk avatars
  A death knight (D:14)
  5 dancing weapons (Elf:1)
  3 ogre magi
  14 anacondas
  3 satyrs
  7 death yaks
  A tengu warrior (D:10)
  19 naga sharpshooters
  7 shock serpents
  Urug (D:12)
  11 orc high priests (Orc:2)
  3 deep elf knights (Elf:1)
  The ghost of 4thArraOfDagon the Covert, a journeyman FeCj of Okawaru (Orc:2)
  5 salamander mystics (Snake:4)
  2 fire crabs
  6 sea snakes
  12 naga ritualists
  4 lindwurms (Snake:4)
  7 hill giants
  4 deep elf archers (Elf:1)
  A gelid demonspawn (Orc:2)
  Pikel (D:5)
  6 harpies
  9 ugly things
  6 orc sorcerers
  5 orc knights
  17 mana vipers
  A wolf spider (D:15)
  23 deep elf magi
  4 removed MONS_GRIFFONs
  7 salamanders
  6 oklob plants
  20 naga magi
  7 manticores
  Joseph (D:9)
  3 sirens
  A cyclops (shapeshifter) (D:15)
  26 fauns
  36 black mambas
  6 elephants
  3 water nymphs
  15 spiny frogs
  11 gargoyles
  8 guardian serpents
  A torpor snail (Lair:5)
  8 komodo dragons
  A kobold demonologist (D:13)
  12 rime drakes
  A komodo dragon (shapeshifter) (D:15)
  An ice devil (Orc:2)
  16 merfolk
  2 red devils (Orc:2)
  A queen bee (Lair:1)
  11 trolls
  10 polar bears
  4 wind drakes
  14 two-headed ogres
  A boulder beetle (shapeshifter) (D:15)
  A two-headed ogre (shapeshifter) (D:15)
  8 slime creatures
  12 blink frogs
  2 boulder beetles
  2 dream sheep
  2 snapping turtles
  A redback (Lab)
  6 water elementals
  6 shadows
  A wraith (D:10)
  A yak (shapeshifter) (D:14)
  A vampire (D:9)
  12 wyverns
  A fire bat (shapeshifter) (D:14)
  57 yaks
  4 basilisks
  3 hogs (Shoals:3)
  16 hippogriffs
  11 hungry ghosts
  5 vampire mosquitoes
  3 steam dragons
  37 nagas
  5 wargs (Orc:2)
  2 mottled dragons
  A soldier ant (D:13)
  2 insubstantial wisps (D:10)
  38 water moccasins
  A swamp drake (D:12)
  10 porcupines
  5 black bears
  2 ice beasts
  7 sky beasts
  6 phantoms
  48 orc warriors
  An eye of draining (D:13)
  4 wasps
  A necrophage (D:14)
  A slave (D:5)
  4 boggarts (D:15)
  16 centaurs
  28 ogres
  6 wolves (Lair:1)
  12 crocodiles
  3 big kobolds (D:11)
  18 bullfrogs
  A wyvern zombie (D:10)
  A gnoll sergeant (D:11)
  2 water moccasin zombies
  3 scorpions
  21 killer bees (Lair:1)
  12 wights
  2 electric eels
  6 howler monkeys
  5 crimson imps
  A bullfrog zombie (D:9)
  9 hounds
  2 quasits
  A wasp zombie (D:10)
  5 centaur skeletons
  5 jellies
  28 orc priests
  29 orc wizards
  5 bullfrog skeletons
  5 iguanas
  10 worker ants
  A killer bee zombie (D:9)
  A hound zombie (D:9)
  2 hound skeletons (D:8)
  A howler monkey zombie (D:5)
  12 gnolls
  44 adders
  36 river rats
  3 shadow imps
  An ooze (D:4)
  4 worms
  3 dart slugs
  4 leopard geckos
  92 orcs
  7 giant cockroaches
  4 goblins
  2 hobgoblins (D:2)
  8 jackals
  12 kobolds
  7 quokkas
  3 ball pythons
  7 bats
  4 frilled lizards
  A jackal zombie (D:5)
  A quokka skeleton (D:6)
  A quokka zombie (D:9)
  8 rats
  2 fungi
  28 plants
  4 tentacles
1351 creatures vanquished.

Vanquished Creatures (collateral kills)
  4 killer bees (Lair:1)
4 creatures vanquished.

Vanquished Creatures (others)
  A naga sharpshooter (Snake:3)
  2 deep elf archers (Elf:1)
  A deep elf mage (Elf:1)
  2 fauns
  An elephant (Lair:1)
  A naga mage (Snake:4)
  A spiny frog (Lair:1)
  A naga (Snake:3)
  An orc warrior (Orc:2)
  A killer bee (Lair:1)
  A bullfrog zombie (D:5)
  A crimson imp (D:5)
  A shadow imp (D:5)
  An adder skeleton (D:5)
  5 fungi
  25 plants
  13 tentacles
59 creatures vanquished.

Grand Total: 1414 creatures vanquished

Notes
Turn   | Place    | Note
-------+----------+-------------------------------------------
     0 | D:1      | GameOver the Naga Wizard began the quest for the Orb.
     0 | D:1      | Reached XP level 1. HP: 15/15 MP: 4/4
   137 | D:1      | Reached XP level 2. HP: 20/22 MP: 6/6
   142 | D:1      | Learned a level 2 spell: Repel Missiles
   264 | D:1      | Reached skill level 1 in Air Magic
   444 | D:1      | Reached XP level 3. HP: 28/28 MP: 7/7
   467 | D:1      | Learned a level 3 spell: Mephitic Cloud
   470 | D:1      | Learned a level 2 spell: Blink
   809 | D:2      | Reached XP level 4. HP: 31/36 MP: 3/8
   823 | D:2      | Reached skill level 1 in Poison Magic
  1040 | D:2      | Found a hazy altar of Hepliaklqana.
  1041 | D:2      | Found a shimmering altar of Xom.
  1041 | D:2      | Noticed a torpor snail
  1042 | D:2      | Noticed a torpor snail
  1042 | D:2      | Noticed a spectral ugly thing
  1268 | D:3      | Found an iron altar of Okawaru.
  1281 | D:3      | Became a worshipper of Warmaster Okawaru
  1300 | D:3      | Reached XP level 5. HP: 39/42 MP: 9/9
  1567 | D:3      | Found a deep blue altar of Sif Muna.
  2388 | D:4      | Found a shadowy altar of Dithmenos.
  2491 | D:4      | Noticed an ogre
  2500 | D:4      | Killed an ogre
  2500 | D:4      | Reached XP level 6. HP: 49/49 MP: 10/10
  2874 | D:4      | Reached * piety under Okawaru
  2874 | D:4      | Reached XP level 7. HP: 55/55 MP: 11/11
  2939 | D:5      | Entered Level 5 of the Dungeon
  3158 | D:5      | Got an iridescent rapier
  3159 | D:5      | Identified the cursed +1 rapier of Ereogrurch {venom, Dex+2} (You found it on level 5 of the Dungeon)
  3181 | D:5      | Found Epej's Antique Weapon Boutique.
  3211 | D:5      | Found Mob Enaynt's Antique Weapon Boutique.
  3226 | D:5      | Reached skill level 5 in Conjurations
  3249 | D:5      | Noticed ThereIsNoGod's ghost (novice FoGl)
  3392 | D:6      | Reached skill level 5 in Poison Magic
  3432 | D:6      | Reached ** piety under Okawaru
  3533 | D:6      | Reached XP level 8. HP: 62/62 MP: 11/12
  3731 | D:5      | Reached skill level 5 in Air Magic
  3852 | D:5      | Noticed Pikel
  3888 | D:5      | Killed Pikel
  3888 | D:5      | Reached *** piety under Okawaru
  4211 | D:6      | Reached XP level 9. HP: 50/68 MP: 13/13
  4354 | D:6      | Reached skill level 1 in Fighting
  4518 | D:5      | Bought a glowing broad axe for 112 gold pieces
  4562 | D:5      | Reached skill level 1 in Axes
  5101 | D:7      | Found a staircase to the Ecumenical Temple.
  5115 | Temple   | Entered the Ecumenical Temple
  5778 | D:7      | You fall through a shaft for 3 floors!
  5778 | D:10     | Entered Level 10 of the Dungeon
  5832 | D:10     | Reached skill level 5 in Translocations
  6013 | D:10     | Noticed a tengu warrior
  6029 | D:10     | Killed a tengu warrior
  6029 | D:10     | Reached **** piety under Okawaru
  6029 | D:10     | Reached skill level 5 in Axes
  6029 | D:10     | Reached XP level 10. HP: 39/80 MP: 14/14
  6123 | D:10     | Reached skill level 1 in Armour
  6274 | D:9      | Noticed Erolcha
  6294 | D:9      | Killed Erolcha
  6407 | D:8      | Reached ***** piety under Okawaru
  6590 | D:8      | Found a stormy altar of Qazlal.
  6602 | D:8      | Found a white marble altar of Elyvilon.
  6616 | D:8      | You fall through a shaft for 3 floors!
  6678 | D:10     | Noticed a hill giant
  6696 | D:10     | Killed a hill giant
  6822 | D:8      | Learned a level 1 spell: Apportation
  6833 | D:8      | Found an opulent altar of Gozag.
  7108 | D:9      | Received a gift from Okawaru
  7121 | D:9      | Reached XP level 11. HP: 65/86 MP: 15/15
  7311 | D:9      | Reached skill level 10 in Axes
  7461 | D:9      | Found an ancient bone altar of Kikubaaqudgha.
  7474 | D:9      | Found a burning altar of Makhleb.
  7643 | D:9      | Noticed Joseph
  7662 | D:9      | Killed Joseph
  7670 | D:9      | Found a glowing golden altar of the Shining One.
  7952 | D:10     | Found a staircase to the Lair.
  8057 | D:10     | Reached skill level 5 in Armour
  8101 | D:10     | Noticed a hill giant
  8170 | D:10     | Reached skill level 1 in Shields
  8217 | D:10     | Noticed a manticore
  8250 | D:10     | Killed a manticore
  8300 | D:10     | Learned a level 2 spell: Shroud of Golubria
  8385 | D:10     | Killed a hill giant
  8385 | D:10     | Reached skill level 1 in Charms
  8628 | D:10     | Received a gift from Okawaru
  8753 | D:11     | Found a huge runed gate.
  8754 | D:11     | Noticed a griffon
  8754 | D:11     | Found a huge runed gate.
  8754 | D:11     | Found a huge runed gate.
  8754 | D:11     | Found a huge runed gate.
  8754 | D:11     | Noticed a griffon
  8754 | D:11     | Noticed a death yak
  8755 | D:11     | Noticed a griffon
  8818 | D:11     | Noticed Gastronok
  8821 | D:11     | Noticed an unseen horror
  8923 | D:11     | Reached XP level 12. HP: 93/93 MP: 16/16
  9018 | D:11     | Found a staircase to the Orcish Mines.
  9375 | Lair:1   | Entered Level 1 of the Lair of Beasts
  9427 | Lair:1   | Noticed a death yak
  9515 | Lair:1   | Reached skill level 5 in Shields
  9947 | Lair:1   | Reached skill level 1 in Invocations
  9971 | Lair:1   | Killed a death yak
 10035 | Lair:1   | Received a gift from Okawaru
 10036 | Lair:1   | Got an ichor-stained hand axe {god gift}
 10037 | Lair:1   | Identified the +4 hand axe of Vaiddiwoos {chop, rN+ Int+5 Dex+4} (Okawaru gifted it to you on level 1 of the Lair of Beasts)
 10451 | Lair:2   | Found a staircase to the Shoals.
 10678 | Lair:2   | Learned a level 6 spell: Freezing Cloud
 10775 | Lair:2   | Gained mutation: You can use your snake-like lower body to constrict enemies. [Naga growth]
 10775 | Lair:2   | Reached XP level 13. HP: 99/99 MP: 17/17
 11043 | Lair:2   | Got a scintillating wooden ring
 11045 | Lair:2   | Identified the ring "Ebros" {Fire Slay+2} (You found it on level 2 of the Lair of Beasts)
 11314 | Orc:1    | Entered Level 1 of the Orcish Mines
 11608 | Orc:2    | Entered Level 2 of the Orcish Mines
 11608 | Orc:2    | Found Wuuge's Armour Boutique.
 11766 | Orc:1    | Reached skill level 5 in Invocations
 11973 | Orc:1    | Found a roughly hewn altar of Beogh.
 12333 | Orc:2    | Noticed 4thArraOfDagon's ghost (journeyman FeCj)
 12582 | Orc:2    | Received a gift from Okawaru
 12643 | Orc:2    | Killed 4thArraOfDagon's ghost
 12823 | Orc:2    | Found a staircase to the Elven Halls.
 13281 | Orc:2    | Found Taluth's Magic Scroll Boutique.
 13283 | Orc:2    | Found Inidotist's General Store.
 13356 | Orc:2    | Received a gift from Okawaru
 13362 | Orc:2    | Got a transparent large shield {god gift}
 13373 | Orc:2    | Identified the +5 large shield of Heowulut {*Corrode rPois Dex+5 Slay+2} (Okawaru gifted it to you on level 2 of the Orcish Mines)
 13424 | Orc:2    | Bought a scroll of teleportation for 42 gold pieces
 13467 | Orc:2    | Reached ****** piety under Okawaru
 13493 | Orc:2    | Bought a scroll of identify for 28 gold pieces
 13493 | Orc:2    | Bought a scroll of identify for 28 gold pieces
 13541 | Orc:2    | Reached skill level 10 in Shields
 13716 | Orc:2    | Reached XP level 14. HP: 55/108 MP: 20/20
 13885 | Orc:2    | Found Onaipn's Antique Weapon Shoppe.
 13885 | Orc:2    | Found Mem Mima's Book Emporium.
 13885 | Orc:2    | Found a one-way gate leading to the halls of Pandemonium.
 14090 | Elf:1    | Entered Level 1 of the Elven Halls
 14095 | Elf:1    | Reached skill level 1 in Ice Magic
 14181 | Elf:1    | Found Wyzu's Assorted Antiques.
 14212 | Elf:1    | Bought a potion of curing for 90 gold pieces
 14324 | Elf:1    | Received a gift from Okawaru
 14403 | Elf:1    | Reached skill level 5 in Ice Magic
 15421 | D:12     | Noticed Urug
 15438 | D:12     | Killed Urug
 15555 | D:12     | Noticed zkyp's ghost (journeyman HuGl)
 15592 | D:12     | Killed zkyp's ghost
 15604 | D:12     | Reached XP level 15. HP: 114/114 MP: 21/21
 15609 | D:12     | Received a gift from Okawaru
 15650 | D:12     | Got a pitted chain mail
 15661 | D:12     | Identified the cursed +0 chain mail of the Evil One {rCorr} (You found it on level 12 of the Dungeon)
 15961 | D:13     | Found a labyrinth entrance.
 15996 | Lab      | Entered a labyrinth
 16633 | Lab      | Got a bloodstained chain mail
 16686 | D:13     | Found a gate to the Vaults.
 16939 | D:13     | Reached skill level 5 in Spellcasting
 17210 | D:13     | Noticed a vault warden
 17220 | D:13     | Killed a vault warden
 17645 | Lair:2   | Identified the +7 chain mail of Kusot {rF+ rN+ MR-} (You found it in a labyrinth)
 18045 | Lair:3   | Learned a level 3 spell: Regeneration
 18146 | Lair:3   | Reached skill level 1 in Necromancy
 18775 | Lair:4   | Found a staircase to the Snake Pit.
 19042 | Lair:4   | Upgraded the game from 0.19-a0-1568-gdd01aac to 0.19-a0-1587-gaef70b6
 19676 | Lair:5   | Received a gift from Okawaru
 20908 | Lair:4   | Reached XP level 16. HP: 121/121 MP: 18/25
 20915 | Lair:4   | Received a gift from Okawaru
 21315 | Lair:6   | Entered Level 6 of the Lair of Beasts
 21395 | Lair:6   | Received a gift from Okawaru
 21447 | Lair:6   | Reached skill level 10 in Conjurations
 21452 | Lair:6   | Reached skill level 5 in Necromancy
 21913 | Lair:6   | Found a staircase to the Slime Pits.
 22072 | Lair:6   | Noticed Rupert
 22096 | Lair:6   | Killed Rupert
 22096 | Lair:6   | Received a gift from Okawaru
 22346 | Lair:6   | Reached skill level 10 in Air Magic
 22405 | Lair:6   | Received a gift from Okawaru
 22441 | Lair:6   | Noticed an azure jelly
 22542 | Lair:2   | Learned a level 1 spell: Flame Tongue
 22547 | Lair:2   | Learned a level 4 spell: Passage of Golubria
 22964 | Lair:6   | Killed an azure jelly
 23264 | Shoals:1 | Entered Level 1 of the Shoals
 23632 | Shoals:1 | Noticed a kraken
 23640 | Shoals:1 | Killed a kraken
 24055 | Shoals:2 | Found a shattered altar of Ashenzari.
 24093 | Shoals:2 | Reached XP level 17. HP: 124/127 MP: 29/29
 24537 | Shoals:2 | Noticed a kraken
 24559 | Shoals:2 | Killed a kraken
 24559 | Shoals:2 | Received a gift from Okawaru
 24560 | Shoals:2 | Got a crude shield {god gift}
 24571 | Shoals:2 | Identified the +0 shield of the Forsaken Souls {rC+ rN+ Int+3} (Okawaru gifted it to you on level 2 of the Shoals)
 25024 | Shoals:3 | Noticed Kirke
 25032 | Shoals:3 | Killed Kirke
 25697 | Snake:1  | Entered Level 1 of the Snake Pit
 26739 | D:14     | Received a gift from Okawaru
 26754 | D:14     | Got a steaming hand crossbow {god gift}
 26755 | D:14     | Identified the +2 hand crossbow "Ciggunuf" {flame, Dex+5} (Okawaru gifted it to you on level 14 of the Dungeon)
 26832 | D:14     | Reached XP level 18. HP: 121/134 MP: 31/31
 27292 | D:14     | You fall through a shaft!
 27292 | D:15     | Entered Level 15 of the Dungeon
 28125 | D:15     | Received a gift from Okawaru
 28187 | D:15     | Found a staircase to the Depths.
 28498 | Snake:2  | Noticed Frances
 28881 | Snake:2  | Killed Frances
 28939 | Snake:2  | Reached skill level 10 in Ice Magic
 29303 | Snake:3  | Found an ancient bone altar of Kikubaaqudgha.
 29927 | Snake:3  | Got a steaming hand axe
 29928 | Snake:3  | Identified the cursed +3 hand axe "Ovonicov" {chop, Dex+2} (You found it on level 3 of the Snake Pit)
 30104 | Snake:4  | Entered Level 4 of the Snake Pit
 30258 | Snake:4  | Received a gift from Okawaru
 30422 | Snake:4  | Reached XP level 19. HP: 80/140 MP: 30/32
 30985 | Snake:4  | Received a gift from Okawaru
 30986 | Snake:4  | Got a jewelled hand axe {god gift}
 30991 | Snake:4  | Identified the +6 hand axe of Goze {chop, Int+4} (Okawaru gifted it to you on level 4 of the Snake Pit)
 31298 | Snake:4  | Got a serpentine rune of Zot
 31567 | Snake:4  | Found Darar's Magic Scroll Shop.
 31601 | Snake:4  | Bought a scroll of blinking for 120 gold pieces
 31601 | Snake:4  | Bought a scroll of identify for 32 gold pieces
 32304 | Lair:2   | Gained mutation: You possess an exceptional clarity of mind. [potion of mutation]
 32304 | Lair:2   | Gained mutation: Your mind is acute. (Int +2) [potion of mutation]
 32304 | Lair:2   | Gained mutation: Your magical capacity is low. (-10% MP) [potion of mutation]
 32446 | Orc:2    | Bought a scroll of recharging for 133 gold pieces
 32446 | Orc:2    | Bought a scroll of enchant armour for 105 gold pieces
 32446 | Orc:2    | Bought a scroll of teleportation for 42 gold pieces
 32503 | Elf:1    | Reached skill level 10 in Armour
 32659 | Elf:1    | Slain by a short sword of electrocution

Vault maps used:
D:1:      dpeg_arrival_orchard, minmay_misc_feat_encased, minmay_pentomino_z4
D:2:      regret_index_temple_of_mockery
D:3:      lemuel_crystal_altar, lemuel_round_altar, first_bread
D:4:      nicolae_dithmenos_the_darkroom
D:5:      serial_shops, shop_statue, shop, uniq_pikel
D:8:      kennysheep_mini, old_standard_altar, lemuel_crystal_altar
D:9:      nicolae_tso_carved_into_rock, kiku_gazebo_garden_becter, basic_altar,
          uniq_erolcha, uniq_joseph
D:10:     minmay_opposing_rooms, dpeg_oklobed_lair, grunt_tengu_nest, pond
D:11:     lemuel_bear_cage, kennysheep_orc_monster_closet_entryway,
          nicolae_wwwww, uniq_gastronok
D:12:     uniq_urug
D:13:     david_vaults_2, lab_entry_generic, kennysheep_generic_room_8
D:14:     small_statue_intersection
D:15:     gammafunk_enter_depths_forms, minmay_misc_feat_alley
Temple:   pf_slimified_temple
Lair:1:   hangedman_lair_generics_rect
Lair:2:   minmay_lair_oklob_tunnel, minmay_shoals_entry_centaurs, special_room,
          cheibrodos_lair_reptile_den
Lair:4:   lemuel_reptile_caves, minmay_snake_entry_six_corridors, special_room,
          beast_lair_carwin_9, serial_bayou_shore_b
Lair:5:   grunt_megastairs_1
Lair:6:   gammafunk_lair_ancient_temple, slime_dummy, uniq_rupert
Shoals:2: lemuel_oklob_altar
Shoals:3: uniq_kirke
Snake:1:  serial_bayou_pond_e
Snake:2:  nicolae_snake_serpentine_hallways, spider_trap, serial_bayou_pond_b,
          uniq_frances
Snake:3:  basic_altar
Snake:4:  snake_pit_salamanders_mu, serial_shops, shop, nicolae_snake_squiggles,
          grunt_ministairs_13
Orc:1:    basic_altar
Orc:2:    pf_orc_diabolical, serial_shops, nicolae_shop_trees, nooodl_orcs_dogs
Elf:1:    eino_elf_arrival_the_gate, serial_shops, nicolae_shop_stone,
          hangedman_elven_crosses_minicolossus, minivault_25_ag
Lab:      nicolae_lab_quarters, nicolae_lab_dead_end, nicolae_lab_grate_2,
          labyrinth_glass_2, lab_hedge, nicolae_lab_statue, nicolae_lab_blocks,
          nicolae_lab_do_over, lab_block

Skill      XL: |  1  2  3  4  5  6  7  8  9 10 11 12 13 14 15 16 17 18 19 |
---------------+----------------------------------------------------------+-----
Conjurations   | 2 3 4 5 6 7 9 11 13 14 | 14.0
Air Magic      | 1 2 3 4 5 6 7 8 10 13 14 | 14.0
Poison Magic   | 2 3 4 5 7 |  7.0
Translocations | 3 5 |  5.0
Fighting       | 2 |  2.0
Axes           | 5 9 11 12 | 12.1
Dodging        | 3 |  3.0
Armour         | 4 5 10 | 10.2
Shields        | 3 7 10 11 | 11.3
Charms         | 2 4 |  4.0
Invocations    | 3 8 |  8.0
Ice Magic      | 7 9 12 13 | 13.0
Spellcasting   | 4 6 8 9 |  9.0
Necromancy     | 4 6 |  6.1
Stealth        | |  3.0
Summonings     | |  1.0

Action                   |  1- 3 |  4- 6 |  7- 9 | 10-12 | 13-15 | 16-18 | 19-21 || total
-------------------------+-------+-------+-------+-------+-------+-------+-------++-------
Melee: Short sword       |     1 |    16 |       |       |       |       |       ||    17
       Whip              |       |     5 |    10 |       |       |       |       ||    15
       Rapier            |       |       |    48 |       |       |       |       ||    48
       Punch             |       |       |     2 |     1 |       |       |       ||     3
       Broad axe         |       |       |    42 |   725 |  1330 |  1240 |   271 ||  3608
       Hand axe          |       |       |       |    14 |       |       |       ||    14
       Constrict         |       |       |       |       |   225 |   233 |    53 ||   511
       Eveningstar       |       |       |       |       |    18 |    25 |       ||    43
       Staff             |       |       |       |       |       |     5 |       ||     5
 Cast: Magic Dart        |    37 |    63 |   135 |       |       |       |       ||   235
       Repel Missiles    |     1 |       |     1 |     3 |     1 |     4 |     1 ||    11
       Mephitic Cloud    |       |     6 |    12 |    50 |    36 |    10 |       ||   114
       Blink             |       |       |    13 |     3 |    25 |    20 |     5 ||    66
       Shroud of Golubri |       |       |       |     1 |    17 |    41 |     3 ||    62
       Regeneration      |       |       |       |       |    10 |   103 |    38 ||   151
       Flame Tongue      |       |       |       |       |       |    14 |       ||    14
       Freezing Cloud    |       |       |       |       |       |    64 |    39 ||   103
       Apportation       |       |       |       |       |       |     5 |       ||     5
Invok: Heroism           |       |       |     2 |    14 |    23 |    12 |     3 ||    54
       Finesse           |       |       |       |       |     2 |     1 |       ||     3
 Abil: Spit Poison       |    38 |    40 |    39 |    73 |    64 |    35 |     3 ||   292
Evoke: Wand              |       |       |       |     3 |     6 |       |       ||     9
       Staff of Olgreb   |       |       |       |       |       |     3 |       ||     3
       Lamp of fire      |       |       |       |       |       |     1 |       ||     1
  Use: Scroll            |       |       |    19 |    12 |    11 |     9 |     9 ||    60
       Potion            |       |       |       |     6 |    11 |     1 |     1 ||    19
 Stab: Confused          |       |     3 |     3 |    14 |    14 |    10 |       ||    44
       Sleeping          |       |       |     1 |     4 |    12 |     5 |       ||    22
  Eat: Chunk             |     2 |     8 |    12 |    26 |    29 |    44 |     8 ||   129
       Fruit             |       |       |       |       |    15 |    13 |     3 ||    31
       Meat ration       |       |       |       |       |     1 |     1 |     1 ||     3
       Beef jerky        |       |       |       |       |     1 |     1 |       ||     2
       Bread ration      |       |       |       |       |       |       |     1 ||     1
       Pizza             |       |       |       |       |       |       |     1 ||     1
Armor: Robe              |     3 |     6 |    23 |       |       |       |       ||    32
       Troll leather arm |       |       |       |   253 |   383 |   489 |    76 ||  1201
       Ring mail         |       |       |       |     1 |       |       |       ||     1
       Skin              |       |       |       |    43 |     2 |       |       ||    45
       Fire dragon armou |       |       |       |       |       |       |    31 ||    31
Dodge: Dodged            |    18 |    11 |    71 |   197 |   222 |   310 |    56 ||   885
       Deflected         |       |     2 |     2 |     8 |    14 |    72 |    19 ||   117
Block: Buckler           |       |       |       |    20 |       |       |       ||    20
       Shield            |       |       |       |   193 |   717 |   952 |   213 ||  2075
       Reflection        |       |       |       |     8 |    26 |   143 |    40 ||   217
       Large shield      |       |       |       |       |       |     1 |       ||     1
